 Dungeon Sprint DCSS version 0.30-a0-920-g7493c07aab (webtiles) character file.

Game seed: 17988191811346175026

669 Atreus the Protected (level 7, -6/74 HPs)
             Began as an Armataur Monk on Mar 21, 2023.
             Was a High Priest of Dithmenos.
             Mangled by a soul eater (11 damage)
             ... in the Dungeon (Sprint V: "Ziggurat Sprint").
             The game lasted 00:02:44 (478 turns).

Atreus the Protected (Armataur Monk)                 Turns: 478, Time: 00:02:44

Health: -6/74      AC: 11    Str: 30    XL:     7   Next: 32%
Magic:  7/7        EV:  6    Int: 11    God:    Dithmenos [*****.]
Gold:   0          SH:  0    Dex: 12    Spells: 6/6 levels left

rFire   + + .      SeeInvis .    F - +7 great mace "Firestarter" {flame, inner flame, rFlCloud rF++}
rCold   + + .      Faith    .    (shield currently unavailable)
rNeg    . . .      Spirit   .    D - +15 Maxwell's patent armour {-Cast -Tele rElec Will+ rCorr}
rPois   .          Reflect  .    (no helmet)
rElec   +          Roll     +    (no cloak)
rCorr   +          NoTele   +    (no gloves)
Will    +....      NoCast   +    (no barding) Stlth
                                 H - amulet "Kinomuto" {Acrobat rC++ rCorr}
HPRegen 0.32/turn                A - +6 ring of strength
MPRegen 0.10/turn                B - +6 ring of strength

@: confused, ambrosia-drunk, spiked, corroded, wreathed by umbra
A: large, rugged brown scales 3, deformed body, armoured tail, roll, long
tongue, awkward tongue
a: Renounce Religion, Shadow Step, Shadow Form


You were in the Dungeon.
You worshipped Dithmenos.
Dithmenos was extremely pleased with you.
You visited 1 branch

Inventory:

Hand Weapons
 a - a +0 hand axe
 F - the +7 great mace "Firestarter" (weapon) {flame, inner flame, rFlCloud rF++}
   (You found it in the Dungeon)

   rFlCloud:  It grants immunity to clouds of flame.
   rF:        It greatly protects you from fire.
Armour
 b - a +0 robe
 D - the +15 Maxwell's patent armour (worn) {-Cast -Tele rElec Will+ rCorr}
   (You found it in the Dungeon)

   rElec:     It insulates you from electricity.
   -Cast:     It prevents spellcasting.
   -Tele:     It prevents most forms of teleportation.
   rCorr:     It protects you from acid and corrosion.
   Will:      It increases your willpower.
 E - the +18 shield of the Gong {Loud rN+ Will+ rCorr EV-5}
   (You found it in the Dungeon)

   Loud:      It is deafeningly noisy when blocking attacks.
   EV:        It affects your evasion (-5).
   rN:        It protects you from negative energy.
   rCorr:     It protects you from acid and corrosion.
   Will:      It increases your willpower.
Jewellery
 v - a ring of flight
 w - a +6 ring of dexterity
 x - a +6 ring of dexterity
 y - a +6 ring of intelligence
 z - a +6 ring of intelligence
 A - a +6 ring of strength (left hand)
 B - a +6 ring of strength (right hand)
 G - an amulet of faith
 H - the amulet "Kinomuto" (around neck) {Acrobat rC++ rCorr}
   (You found it in the Dungeon)

   [amulet of the acrobat]

   It increases your evasion while moving and waiting.
   rC:        It greatly protects you from cold.
   rCorr:     It protects you from acid and corrosion.
 I - a ring of magical power
 J - the ring of Ylips {rElec MP+9}
   (You found it in the Dungeon)

   [ring of magical power]

   rElec:     It insulates you from electricity.
   MP:        It affects your magic capacity (+9).
Wands
 s - a wand of mindburst (6) (quivered)
 t - a wand of iceblast (7)
 u - a wand of acid (7)
Scrolls
 i - 4 scrolls of blinking
 o - 4 scrolls of amnesia
 p - 7 scrolls of fog
 q - 5 scrolls of identify
 r - 2 scrolls of fear
Potions
 d - 10 potions of curing
 e - 7 potions of heal wounds
 f - 6 potions of haste
 g - 7 potions of magic
 h - 3 potions of berserk rage
 j - 2 potions of brilliance
 k - 2 potions of invisibility
 l - 4 potions of resistance
 m - a potion of experience
 n - 6 potions of might
Miscellaneous
 C - a lightning rod (4/4)
 K - a tin of tremorstones (2/2)


   Skills:
 + Level 9.1 Fighting
 - Level 2.4(5.7) Axes
 * Level 9.0(9.2) Maces & Flails
 * Level 9.9 Armour
 - Level 2.1 Dodging
 - Level 2.1 Stealth
 + Level 1.2 Evocations


You had 6 spell levels left.
You didn't know any spells.
Your spell library contained the following spells:

 Spells                   Type           Power      Damage    Failure   Level
 Sting                    Tmut/Pois      0%         1d3       95%         1
 Poisonous Vapours        Pois/Air       0%         N/A       98%         2
 Manifold Assault         Tloc           0%         N/A       100%        4
 Olgreb's Toxic Radiance  Pois           0%         N/A       100%        4
 Dispersal                Tloc           0%         N/A       100%        6
 Disjunction              Tloc           0%         N/A       100%        8


Dungeon Overview and Level Annotations

Branches:
Dungeon (1/1)

Altars:
Ashenzari
Cheibriados
Dithmenos
Elyvilon
Fedhas
Gozag
Hepliaklqana
Kikubaaqudgha
Makhleb
Nemelex Xobeh
Okawaru
Qazlal
Ru
Sif Muna
Trog
Uskayaw
Vehumet
Wu Jian
Xom
Yredelemnul
Zin
The Shining One
Jiyva
Lugonu

Annotations:
D 1 transporter


Innate Abilities, Weirdness & Mutations

You are completely covered in rugged brown scales. (AC +3, +7% HP)
Armour fits poorly on your strangely shaped body.
You have a long armoured tail.
You roll when moving toward enemies. (Rampage)
Your long tongue fully drains potion bottles. (2x potion effects)
Your tongue gives you trouble enunciating. (1.5x scroll delay)


Message History

The red devil hits you from afar with a +0 trident!
Barbed spikes become lodged in your body.
The soul eater hits you!
* * * LOW HITPOINT WARNING * * *
Wuv Der is engulfed in blazing flames.
Wuv Der completely misses you.
You feel much better.
You slurp down every last drop of the potion of heal wounds!
Wuv Der is engulfed in blazing flames.
Wuv Der stings you!!
You emit a cloud of dark smoke.
Wuv Der corrodes you!
The shadow imp hits you but does no damage.
The soul eater hits you but does no damage.
The shadow imp hits you but does no damage.
The red devil hits you from afar with a +0 trident!
Barbed spikes become lodged in your body.
You are confused.
You feel invigorated.
You slurp down every last drop of the potion of ambrosia!
Wuv Der sneers, "I shall feast on thy neck!"
Wuv Der stings you!!
* * * LOW HITPOINT WARNING * * *
You emit a cloud of dark smoke.
Wuv Der corrodes you!
The soul eater hits you but does no damage.
The shadow imp hits you but does no damage.
The shadow imp closely misses you.
The red devil hits you from afar with a +0 trident!
* * * LOW HITPOINT WARNING * * *
Barbed spikes become lodged in your body.
The shadow imp hits you but does no damage.
Wuv Der stings you. Wuv Der corrodes you!
You feel much better.
You slurp down every last drop of the potion of heal wounds!
Wuv Der stings you!!!
Ouch! That really hurt!
* * * LOW HITPOINT WARNING * * *
You emit a cloud of dark smoke.
The shadow imp closely misses you. The shadow imp hits you.
* * * LOW HITPOINT WARNING * * *
The red devil hits you but does no damage.
The soul eater hits you!
You die...

▓........▓..÷.÷...▓
▓.▓....▓.▓.▓....▓.▓
▓...©....▓...©....▓
▓▓▓▓▓▓▓▓▓▓▓▓▓▓▓▓▓▓▓
▓..8©8..▓ ▓..)))..▓
▓§§§4}..▓ ▓§5&3...▓
▓§5@5§..▓ ▓§§§§§..▓
▓§§§§§..▓ ▓.▓...▓.▓
▓...©...▓ ▓▓▓▓▓▓▓▓▓


You could see Wuv Der, a soul eater, a red devil and 3 shadow imps.

Vanquished Creatures
  A naga (D)
  A water moccasin (D)
  A floating eye (D)
  2 black bears (D)
  A crimson imp (D)
  2 jellies (D)
  A mummy (D)
  3 adders (D)
  A shadow imp (D)
  A white imp (D)
  An ufetubus (D)
  A bat zombie (D)
  An endoplasm (D)
  A ball python zombie (D)
18 creatures vanquished.

Notes
Turn   | Place    | Note
-------+----------+-------------------------------------------
     0 | D        | Atreus the Armataur Monk began the quest for the Orb.
     0 | D        | Reached XP level 1. HP: 19/19 MP: 1/1
     0 | D        | Found a shimmering blue altar of Sif Muna.
     0 | D        | Found a bloodstained altar of Trog.
     0 | D        | Found a sacrificial altar of Ru.
     0 | D        | Found a stormy altar of Qazlal.
     0 | D        | Found an iron altar of Okawaru.
     1 | D        | Found a sparkling altar of Nemelex Xobeh.
     1 | D        | Found a blossoming altar of Fedhas.
     1 | D        | Found the +6 Majin-Bo {spellvamp, MP+6 Int+6}
     1 | D        | Found the +27 heavy crossbow "Sniper" {heavy, Acc+∞ SInv}
     1 | D        | Found the +10 dark maul {heavy}
     1 | D        | Found the +15 Maxwell's patent armour {-Cast -Tele rElec
                  | Will+ rCorr}
     1 | D        | Found the +18 shield of the Gong {Loud rN+ Will+ rCorr
                  | EV-5}
     1 | D        | Found the +16 obsidian axe {drain, demonic, Mesm Drain Fly
                  | SInv}
     1 | D        | Found the +7 great mace "Firestarter" {flame, inner flame,
                  | rFlCloud rF++}
     1 | D        | Found the +6 shillelagh "Devastator" {shatter}
     1 | D        | Found the +11 plutonium sword {Contam Stlth-}
     1 | D        | Found the +8 lance "Wyrmbane" {slay drac, rPois rF+ rC+
                  | AC+3}
     1 | D        | Found the +9 sword of Zonguldrok {reap}
     1 | D        | Found the +13 scythe of Curses {drain, curses, Drain}
     1 | D        | Found the +9 sword of Power {lifebolt}
     1 | D        | Found the +7 mace of Variability {chaos, chain chaos}
     1 | D        | Found the +11 Singing Sword {sonic wave}
     1 | D        | Found the +8 storm bow {elec, penet}
     3 | D        | Found a transporter.
     3 | D        | Found an ancient bone altar of Kikubaaqudgha.
     3 | D        | Found a viscous altar of Jiyva.
     3 | D        | Found a corrupted altar of Lugonu.
     3 | D        | Found a hazy altar of Hepliaklqana.
     3 | D        | Found a burning altar of Makhleb.
     3 | D        | Found an opulent altar of Gozag.
    54 | D        | Became a worshipper of Dithmenos the Shadowed
    54 | D        | Reached * piety under Dithmenos
    54 | D        | Reached ** piety under Dithmenos
    77 | D        | Entered arena 2.
    77 | D        | Noticed a black bear
    77 | D        | Noticed a black bear
    77 | D        | Found a transporter.
    79 | D        | Killed a black bear
    80 | D        | Reached skill level 5 in Fighting
    80 | D        | Reached skill level 5 in Armour
    80 | D        | Reached XP level 2. HP: 31/31 MP: 2/2
    80 | D        | Reached XP level 3. HP: 38/38 MP: 3/3
    80 | D        | Reached XP level 4. HP: 44/44 MP: 4/4
    81 | D        | Killed a black bear
    82 | D        | Reached skill level 5 in Maces & Flails
    82 | D        | Reached skill level 1 in Evocations
    82 | D        | Reached XP level 5. HP: 54/54 MP: 5/5
    90 | D        | Entered arena 3.
    90 | D        | Found a transporter.
    93 | D        | Reached *** piety under Dithmenos
   100 | D        | Got the amulet "Kinomuto" {Acrobat rC++ rCorr}
   110 | D        | Entered arena 4.
   110 | D        | Noticed a floating eye
   110 | D        | Found a transporter.
   113 | D        | Killed a floating eye
   114 | D        | Reached XP level 6. HP: 65/65 MP: 6/6
   114 | D        | Reached **** piety under Dithmenos
   127 | D        | Entered arena 5.
   127 | D        | Found a transporter.
   134 | D        | Reached ***** piety under Dithmenos
   139 | D        | Got the ring of Ylips {rElec MP+9}
   141 | D        | Entered arena 6.
   141 | D        | Noticed a naga
   141 | D        | Noticed a water moccasin
   141 | D        | Found a transporter.
   143 | D        | Killed a water moccasin
   144 | D        | Reached XP level 7. HP: 61/73 MP: 7/7
   471 | D        | Entered arena 7.
   471 | D        | Noticed Wuv Der the pandemonium lord
   471 | D        | Noticed a soul eater
   471 | D        | Noticed a red devil
   472 | D        | Found a transporter.
   478 | D        | Mangled by a soul eater

Illustrated notes

Levels and vault maps discovered:
D:        sprint_v [room_start, room_1, room_2, room_3, room_4, room_5, room_6,
          room_7, room_8, room_9, room_10, room_11, room_12, room_13, room_14,
          room_15, room_16, room_17, room_18, room_19, room_20, room_21,
          room_22, room_23, room_24, room_25, room_26, room_27]

Skill      XL: |  1  2  3  4  5  6  7 |
---------------+----------------------+-----
Fighting       | 5 6 7 8 9 |  9.1
Maces & Flails | 4 5 6 8 9 |  9.0
Armour         | 5 7 8 9 |  9.9
Evocations     | 1 |  1.2
Axes           | |  2.4
Dodging        | |  2.1
Stealth        | |  2.1

Action                     |  1- 3 |  4- 6 |  7- 9 || total
---------------------------+-------+-------+-------++-------
  Melee: Great mace        |     1 |    16 |     8 ||    25
         Tailslap          |       |       |     1 ||     1
 Invoke: Shadow Step       |       |       |     1 ||     1
  Evoke: Wand              |     1 |       |       ||     1
    Use: Potion            |       |       |     4 ||     4
 Armour: Plate armour      |     4 |    40 |    20 ||    64
  Dodge: Dodged            |     2 |    18 |     7 ||    27

Table legend: (Time is in decaauts)
 A = Elapsed time spent in this place.
 B = Non-inter-level travel time spent in this place.
 C = Inter-level travel time spent in this place.
 D = Time resting spent in this place.
 E = Time spent auto-exploring this place.
 F = Levels seen in this place.
 G = Mean time per level.
                   A        B        C        D        E       F      G
               +--------+--------+--------+--------+--------+-----+--------+
         Total |    485 |    485 |      0 |    313 |      0 |   1 |  485.0 |
       Dungeon |    485 |    485 |      0 |    313 |      0 |   1 |  485.0 |
               +--------+--------+--------+--------+--------+-----+--------+

Top non-repeatable levels by time:
       D: 485 daAuts
